Unix NetHack Version 3.7.0-102 Work-in-progress - last build Apr 6 2024 13:22:21 (d302a6a9ff6341f1a922d8f5af178406b35fdf99,branch:master). Game began 2024-04-18 11:03:47, ended 2024-04-18 11:16:52. Dictyostelium, lawful female human Samurai ----- |...| |...| |...| |....# |<..|# |...|##) ----- # ------------ --- # |..o.....\GoGoo| # |..k.......ooko| #%)@hk.G...k.kohG| |.k.......`....| ---------------- Dictyostelium the Ronin St:13 Dx:17 Co:18 In:10 Wi:9 Ch:8 Lawful Dlvl:6 $:50 HP:0(52) Pw:17(17) AC:4 Xp:5/274 T:1442 Latest messages: E - an arrow. F - an orcish dagger. G - a wand of striking. E - an arrow (2 in total). H - a cloudy potion. d - 2 uncursed +0 ya (12 in total). I - a scroll labeled ZELGO MER. There are several more objects here. The kobold wakes up! There are several objects here. The kobold lady wakes up! The bugbear wields a corroded orcish dagger! The gnome wakes up! The bugbear picks up an orcish helm. The large kobold wakes up! You begin bashing monsters with your yumi. You hit the bugbear. The kobold picks up 2 uncursed +0 ya. The bugbear thrusts her orcish dagger. The bugbear hits! [HP -4, 39 left] a - an uncursed +0 katana (weapon in right hand). c - a blessed +0 yumi (alternate weapon; not wielded). The bugbear picks up an orcish helm. Are you waiting to get hit? Use 'm' prefix to force a no-op (to rest). You hit the bugbear. You kill the bugbear! The dwarf king picks up an orcish helm. E - 2 arrows (4 in total). J - a corroded orcish dagger. The kobold throws a dart! The dart misses the dwarf king. A dart misses you. The dwarf king wields a mace! There are several objects here. The dwarf king swings his mace. The dwarf king hits! [HP -15, 25 left] The dwarf king swings his mace. The dwarf king hits again! [HP -6, 19 left] You miss the dwarf king. The kobold misses! The dwarf king swings his mace. The dwarf king hits! [HP -12, 7 left] The dwarf king swings his mace. The dwarf king hits again! [HP -16, -9 left] You die... Inventory: Coins ('$') $ - 50 gold pieces Amulets ('"') y - an uncursed amulet of flying Weapons (')') E - 4 uncursed +0 arrows d - 12 uncursed +0 ya c - a blessed +0 yumi (alternate weapon; not wielded) F - an uncursed +0 orcish dagger J - an uncursed corroded +0 orcish dagger a - an uncursed +0 katana (weapon in right hand) k - an uncursed +0 nunchaku b - an uncursed +0 wakizashi Armor ('[') A - an uncursed +0 pair of elven boots e - an uncursed rustproof +0 splint mail (being worn) Comestibles ('%') v - an uncursed gunyoki Scrolls ('?') u - an uncursed scroll of confuse monster s - an uncursed scroll of destroy armor I - a cursed scroll of identify j - an uncursed scroll of light q - an uncursed scroll of stinking cloud Potions ('!') H - an uncursed potion of hallucination g - 3 uncursed potions of healing h - a cursed potion of healing Rings ('=') m - an uncursed -1 ring of adornment Wands ('/') B - an uncursed wand of lightning (0:7) D - an uncursed wand of speed monster (0:3) G - an uncursed wand of striking (0:6) n - an uncursed wand of undead turning (0:4) x - an uncursed wand of undead turning (0:3) Tools ('(') o - an empty uncursed bag of holding t - an uncursed blindfold Gems/Stones ('*') z - an uncursed worthless piece of green glass Dictyostelium the Samurai's attributes: Background: You were a Ronin, a level 5 female human Samurai. You were lawful, nominally on a mission for Amaterasu Omikami who was opposed by Raijin (neutral) and Susanowo (chaotic). You were right-handed. You were in the Dungeons of Doom, on level 6. You entered the dungeon 1442 turns ago. You had 274 experience points, 46 more were needed to attain level 6. Basics: You had 0 out of 52 hit points. You had all 17 energy points (spell power). Your armor class was 4. Your wallet contained 50 zorkmids. Autopickup was on for '$%?!"=/*' plus thrown, with exceptions. Final Characteristics: Your strength was 13 (limit:18/100). Your dexterity was 17 (limit:18). Your constitution was 18 (limit:18). Your intelligence was 10 (limit:18). Your wisdom was 9 (limit:18). Your charisma was 8 (limit:18). Final Status: You weren't hungry. You were unencumbered. You were wielding a long sword. You had basic skill with long sword. Final Attributes: You were devoutly aligned. You were warded. You were fast. You are dead. Miscellaneous: You never encountered a bones level. Total elapsed playing time was 13 minutes and 3 seconds. Major events: Turn 1: Dictyostelium the lawful female human Samurai entered the dungeon 1337: attained the rank of Ronin (level 3) 1442: killed by a dwarf king Vanquished creatures: 5 bugbears a Mordor orc 2 gnome leaders a little dog 2 floating eyes a kobold shaman 2 hill orcs an orc zombie an acid blob a large kobold 6 hobgoblins a yellow mold 3 gnomes 2 geckos 3 jackals a kobold a goblin 4 grid bugs a lichen 3 newts 42 creatures vanquished. No species were genocided or became extinct. Voluntary challenges: You were an atheist. You read items or engraved 3 times. You engraved Elbereth 1 time. You never genocided any monsters. You never polymorphed an object. You never changed form. You used no wishes. Achievement: You attained the rank of Ronin. The Dungeons of Doom: levels 1 to 6 Level 1: "stash w books" A fountain. Level 2: Level 3: Level 4: Level 5: Level 6: <- You were here. A throne. Final resting place for you, killed by a dwarf king. Game over: ---------- / \ / REST \ / IN \ / PEACE \ / \ | Dictyostelium | | 50 Au | | killed by a | | dwarf king | | | | | | 2024 | *| * * * | * _________)/\\_//(\/(/\)/\//\/|_)_______ Sayonara Dictyostelium the Samurai... You died in The Dungeons of Doom on dungeon level 6 with 1411 points, and 50 pieces of gold, after 1442 moves. You were level 5 with a maximum of 52 hit points when you died.